 Dungeon Crawl Stone Soup version 0.31.0-12-g77e489cdc1 (webtiles) character file.

Game seed: 3286586621268014132

2400 ezpacito the Trooper (level 9, -5/73 (103) HPs)
             Began as a Demonspawn Berserker on Feb 12, 2024.
             Was a Priest of Trog.
             Slain by Gastronok (19 damage)
             ... on level 8 of the Dungeon.
             The game lasted 00:13:14 (7165 turns).

ezpacito the Trooper (Demonspawn Berserker)         Turns: 7165, Time: 00:13:14

HP:   -5/73 (103)   AC: 17    Str: 19    XL:     9   Next: 23%
MP:   9/9           EV: 12    Int:  9    God:    Trog [***...]
Gold: 153           SH:  5    Dex: 14    Spells: 8/8 levels left

rFire   . . .        H - +0 war axe
rCold   . . .        u - +0 buckler
rNeg    . . .        B - +0 plate armour
rPois   .            p - +2 helmet
rElec   .            P - +0 cloak
rCorr   +            r - +0 pair of gloves
SInv    .            (no boots)
Will    .....        (no amulet) Stlth
                     M - ring of resist corrosion
HPRegen 0.32/turn    k - +5 ring of evasion
MPRegen 0.11/turn

%: no passive effects
@: berserking (expiring), very heavily drained, very quick
A: hooves 1, foul stench 1, spiny 1
a: Renounce Religion, Berserk, Trog's Hand


You were on level 8 of the Dungeon.
You worshipped Trog.
Trog was most pleased with you.
You visited 1 branch of the dungeon, and saw 8 of its levels.
You also visited: Ossuary.

You collected 693 gold pieces.
You spent 540 gold pieces at shops.

Inventory:

Hand Weapons
 H - a +0 war axe (weapon)
Missiles
 e - 7 poisoned darts
 h - 4 atropa-tipped darts
 n - 113 stones (quivered)
 x - 4 boomerangs
 N - 2 curare-tipped darts
Armour
 p - a +2 helmet (worn)
 r - a +0 pair of gloves (worn)
 u - a +0 buckler (worn)
 z - an orb of wrath
 B - a +0 plate armour (worn)
 P - a +0 cloak (worn)
Jewellery
 k - a +5 ring of evasion (right hand)
 t - a ring of positive energy
 M - a ring of resist corrosion (left hand)
Talismans
 A - a maw talisman
 J - a beast talisman
Wands
 G - a wand of acid (12)
 I - a wand of charming (4)
 K - a wand of roots (22)
Scrolls
 o - 4 scrolls of teleportation
 v - a scroll of enchant armour
 y - 2 scrolls of enchant weapon
 C - 2 scrolls of fog
Potions
 a - a potion of heal wounds
 f - 3 potions of curing
 i - a potion of magic
 j - 4 potions of lignification
 l - 2 potions of berserk rage
 m - a potion of cancellation
 s - 4 potions of enlightenment
 w - 5 potions of attraction {unknown}
 F - a potion of ambrosia {unknown}
 O - 2 potions of mutation


   Skills:
 * Level 5.9 Fighting
 * Level 5.3 Axes
 * Level 4.8 Armour
 * Level 4.9 Dodging
 + Level 3.3 Stealth
 * Level 3.6 Shields
 + Level 3.2 Unarmed Combat
 + Level 1.1 Evocations
 + Level 0.8 Shapeshifting


You had 8 spell levels left.
You didn't know any spells.
Your spell library contained the following spells:

 Spells                   Type           Power      Damage    Failure   Level
 Apportation              Tloc           0%         N/A       100%        1
 Summon Small Mammal      Summ           0%         N/A       100%        1
 Cigotuvi's Dreadful Rot  Necr/Alch/Air  0%         N/A       100%        2
 Jinxbite                 Hex            0%         N/A       100%        2
 Mercury Vapours          Alch/Air       0%         N/A       100%        2
 Call Canine Familiar     Summ           0%         N/A       100%        3
 Mephitic Cloud           Conj/Alch/Air  0%         N/A       100%        3
 Dispel Undead            Necr           0%         3d6       100%        4
 Martyr's Knell           Necr/Summ      0%         N/A       100%        4
 Summon Blazeheart Golem  Fire/Summ      0%         N/A       100%        4
 Alistair's Intoxication  Alch           0%         N/A       100%        5
 Borgnjor's Vile Clutch   Necr/Erth      0%         N/A       100%        5
 Freezing Cloud           Conj/Ice/Air   0%         6-21      100%        5
 Death Channel            Necr           0%         N/A       100%        6
 Infestation              Necr           0%         N/A       100%        8


Dungeon Overview and Level Annotations

Branches:
Dungeon (8/15)             Temple (0/1) D:6         Ossuary (visited)
   Lair: D:8-11

Altars:
Uskayaw
Wu Jian
Xom

Shops:
D:4 *

Annotations:
D:8 Gastronok, Jeremiah, Joseph


Innate Abilities, Weirdness & Mutations

You have large cloven feet.
You may rarely emit foul miasma when damaged in melee.
You are partially covered in sharp spines.


Message History

You hit Gastronok. You kick Gastronok.
Gastronok is lightly wounded.
Gastronok is struck by your spines. Gastronok bites you.
You hit Gastronok but do no damage.
Gastronok is lightly wounded.
You hit Gastronok. You kick Gastronok.
Gastronok is lightly wounded.
Gastronok is struck by your spines. Gastronok bites you!!
A red film seems to cover your vision as you go berserk!
You feel yourself moving faster!
You feel mighty!
You feel briefly sluggish.
You hit Gastronok.
Gastronok is moderately wounded.
You slash Gastronok! You kick Gastronok!
Gastronok is moderately wounded.
You barely miss Gastronok.
Gastronok is moderately wounded.
Gastronok gurgles.
Gastronok is struck by your spines. Gastronok barely misses you.
Jeremiah shouts!
You slash Gastronok!
Gastronok is heavily wounded.
You slice Gastronok!!
Gastronok is severely wounded.
Gastronok bites you!!
* * * LOW HITPOINT WARNING * * *
You hit Gastronok. You kick Gastronok.
Gastronok is severely wounded.
You miss the butterfly. You slash Gastronok!
You kick Gastronok, but do no damage.
Gastronok is severely wounded.
You miss the butterfly. You slash Gastronok!
Gastronok is almost dead.
You slash the butterfly!
You kill the butterfly!
The butterfly disappears in a burst of colours!
Gastronok bites you!!
You die...
Gastronok gurgles, "About time.
I'm starving!"

# #. #.######
##.....
#.#.##..####
#.....@w@.#
#####b.##.#
########..##b#.#
............F.#
########<...b#.#
#...###.# #...#
# . #...# ##.
....#


You could see Gastronok, Joseph and Jeremiah.

Vanquished Creatures
  Eustachio (D:6)
  A steam dragon (D:8)
  2 water moccasins
  An ice beast (D:6)
  An orc warrior (D:4)
  2 black bears
  4 ogres
  2 centaurs (D:7)
  A phantom (D:6)
  An elf zombie (Ossuary)
  2 kobold brigands
  A bullfrog (D:7)
  A scorpion (D:5)
  A howler monkey (D:8)
  2 bombardier beetles
  A hound (D:7)
  A gnoll bouda (D:5)
  Crazy Yiuf (D:6)
  3 iguanas
  A sleepcap (D:6)
  2 orc wizards (D:6)
  4 mummies (Ossuary)
  5 gnolls
  4 adders
  3 shadow imps
  3 white imps
  An adder zombie (Ossuary)
  3 dart slugs
  2 ribbon worms
  14 orcs
  3 bats
  5 endoplasms
  3 giant cockroaches
  2 gnoll zombies (Ossuary)
  10 goblins
  10 hobgoblins
  5 jackals
  2 ball pythons
  A frilled lizard (D:1)
  A goblin zombie (D:6)
  A hobgoblin zombie (Ossuary)
  A jackal zombie (Ossuary)
  22 kobolds
  2 kobold zombies (Ossuary)
  2 orc zombies (Ossuary)
  6 rats
  3 rat zombies
150 creatures vanquished.

Notes
Turn   | Place    | Note
-------+----------+-------------------------------------------
     0 | D:1      | ezpacito the Demonspawn Berserker began the quest for the
                  | Orb.
     0 | D:1      | Reached XP level 1. HP: 18/18 MP: 1/1
   100 | D:1      | Gained mutation: You have large cloven feet. [demonic
                  | ancestry]
   100 | D:1      | Reached XP level 2. HP: 24/24 MP: 2/2
   307 | D:1      | Reached ** piety under Trog
   461 | D:1      | Gained mutation: You are partially covered in sharp spines.
                  | [demonic ancestry]
   461 | D:1      | Reached XP level 3. HP: 29/29 MP: 3/3
   972 | D:2      | Found Ytucsarph's Distillery.
  1024 | D:2      | Bought a potion of curing for 36 gold pieces
  1024 | D:2      | Bought a potion of degeneration for 12 gold pieces
  1024 | D:2      | Bought a potion of berserk rage for 60 gold pieces
  1024 | D:2      | Bought a potion of lignification for 36 gold pieces
  1184 | D:2      | Found a faded altar of an unknown god.
  1512 | D:3      | Gained mutation: You may rarely emit foul miasma when
                  | damaged in melee. [demonic ancestry]
  1512 | D:3      | Reached XP level 4. HP: 35/35 MP: 4/4
  1918 | D:3      | Reached *** piety under Trog
  2129 | D:4      | Found Inolumo's Assorted Antiques.
  2225 | D:4      | Reached skill level 1 in Unarmed Combat
  2326 | D:4      | Found a shimmering altar of Xom.
  2326 | D:4      | Found an ornate altar of the Wu Jian Council.
  2549 | D:4      | Noticed an orc warrior
  2557 | D:4      | Reached skill level 1 in Stealth
  2559 | D:4      | Killed an orc warrior
  2560 | D:4      | Reached XP level 5. HP: 42/42 MP: 5/5
  2626 | D:4      | Noticed a black bear
  2633 | D:4      | Killed a black bear
  2634 | D:4      | Reached XP level 6. HP: 48/48 MP: 6/6
  3039 | D:5      | Entered Level 5 of the Dungeon
  3205 | D:5      | Reached skill level 1 in Shields
  3399 | D:5      | Reached XP level 7. HP: 54/54 MP: 7/7
  3408 | D:5      | Found a hide-covered altar of Uskayaw.
  3536 | D:5      | Got the Octavo of Zombies
  3770 | D:6      | Noticed Eustachio
  3779 | D:6      | Killed Eustachio
  3892 | D:6      | Found a sand-covered staircase.
  3907 | Ossuary  | Entered an ossuary
  3924 | Ossuary  | Reached XP level 8. HP: 61/61 MP: 8/8
  3997 | Ossuary  | Reached **** piety under Trog
  4204 | D:6      | Reached skill level 5 in Fighting
  4729 | D:6      | Found a staircase to the Ecumenical Temple.
  5061 | D:6      | Reached skill level 5 in Axes
  5225 | D:6      | Found a runed translucent door.
  5226 | D:6      | Noticed Crazy Yiuf
  5232 | D:6      | Killed Crazy Yiuf
  5477 | D:2      | Bought a potion of invisibility for 96 gold pieces
  5477 | D:2      | Bought a potion of mutation for 96 gold pieces
  5569 | D:4      | Bought an orange potion for 20 gold pieces
  5569 | D:4      | Bought a potion of mutation for 184 gold pieces
  5802 | D:7      | Reached XP level 9. HP: 40/69 MP: 9/9
  6663 | D:8      | Noticed Jeremiah
  6957 | D:7      | Reached skill level 1 in Evocations
  7147 | D:8      | Noticed Gastronok
  7153 | D:8      | Noticed Joseph
  7165 | D:8      | Slain by Gastronok

Illustrated notes

Levels and vault maps discovered:
D:1:      giann_horns, layout_rooms, chequers_serial_rivers_marsh,
          hangedman_decor_clover_reticule, minmay_octomino_j4
D:2:      layout_loops_cross, serial_shops, nicolae_lakefront_shop,
          basic_ecumenical_altar, minmay_fractal_squares_gapless_5
D:3:      layout_loops_ring, nicolae_figureground_sparkle
D:4:      layout_basic, minitemple, serial_shops, shop, minivault_4
D:5:      layout_loops_ring, mainiacjoe_overflow_24_doors
D:6:      nicolae_BIG_FREAKIN_CUBE, layout_basic,
          minmay_temple_entry_gardened_gates, enter_ossuary_4,
          uniq_crazy_yiuf_cottage, uniq_eustachio
D:7:      layout_basic, uniq_prince_ribbit1
D:8:      layout_loops_ring, uniq_jeremiah, uniq_gastronok, uniq_joseph

Skill      XL: |  1  2  3  4  5  6  7  8  9 |
---------------+----------------------------+-----
Armour         | 2 3 4 |  4.8
Dodging        | 2 3 4 |  4.9
Axes           | 3 4 5 |  5.3
Unarmed Combat | 1 2 3 |  3.2
Stealth        | 1 2 3 |  3.3
Fighting       | 4 5 |  5.9
Shields        | 1 2 3 |  3.6
Evocations     | 1 |  1.1
Shapeshifting  | |  0.8

Action                     |  1- 3 |  4- 6 |  7- 9 || total
---------------------------+-------+-------+-------++-------
  Melee: Hand axe          |    87 |    76 |    11 ||   174
         Kick              |    19 |    16 |    69 ||   104
         War axe           |       |       |   228 ||   228
 Invoke: Berserk           |       |     3 |     6 ||     9
         Trog's Hand       |       |     1 |     3 ||     4
    Use: Scroll            |       |     9 |     9 ||    18
         Potion            |       |       |    12 ||    12
   Stab: Sleeping          |     2 |       |       ||     2
         Invisible         |       |       |     4 ||     4
 Armour: Animal skin       |    32 |       |       ||    32
         Chain mail        |     7 |    19 |       ||    26
         Plate armour      |       |    23 |   174 ||   197
  Dodge: Dodged            |    65 |    40 |   141 ||   246
  Block: Buckler           |       |     8 |    55 ||    63
